 Dungeon Crawl Stone Soup version 0.27.0-1-g7a089689b8 (webtiles) character file.

Game seed: 5029329380191826463

156 Acheron the Bolt Thrower (level 5, 0/45 HPs)
             Began as a Hill Orc Hunter on Aug 1, 2021.
             Was a Believer of Okawaru.
             Killed from afar by an orc wizard (6 damage)
             ... with a magic dart
             ... on level 3 of the Dungeon.
             The game lasted 00:15:31 (1513 turns).

Acheron the Bolt Thrower (Hill Orc Hunter)          Turns: 1513, Time: 00:15:31

Health: 0/45       AC:  7    Str: 15    XL:     5   Next: 38%
Magic:  5/6        EV: 13    Int: 11    God:    Okawaru [**....]
Gold:   82         SH:  0    Dex: 12    Spells: 2/4 levels left

rFire    . . .     SeeInvis .   a - +1 hand crossbow
rCold    + + .     Faith    .   (no shield)
rNeg     . . .     Spirit   .   g - +0 ring mail
rPois    .         Reflect  .   i - +0 helmet
rElec    .         Harm     .   (no cloak)
rCorr    .         Rampage  .   (no gloves)
Will     .....                  (no boots)
Stlth    +++.......             (no amulet)
HPRegen  0.15/turn              l - ring of protection from cold
MPRegen  0.10/turn              r - ring of protection from cold

@: heroic
A: no striking features
a: Renounce Religion, Heroism


You were on level 3 of the Dungeon.
You worshipped Okawaru.
Okawaru was pleased with you.
You visited 1 branch of the dungeon, and saw 4 of its levels.

You collected 82 gold pieces.

Inventory:

Hand Weapons
 a - a +1 hand crossbow (weapon)
 b - a +0 short sword
 m - a +0 short sword
 w - a +0 war axe
Missiles
 d - 37 bolts (quivered ammo)
 f - 4 sling bullets
Armour
 c - a +0 leather armour
 g - a +0 ring mail (worn)
 i - a +0 helmet (worn)
 q - a +0 kite shield
Jewellery
 l - a ring of protection from cold (left hand)
 r - a ring of protection from cold (right hand)
Scrolls
 h - a scroll of amnesia
 j - 2 scrolls of teleportation
 n - 3 scrolls of identify
 s - a scroll of torment {unknown}
Potions
 e - a potion of flight {unknown}
 k - a potion of attraction
 o - a potion of resistance {unknown}
 p - a potion of curing {unknown}


   Skills:
 * Level 3.1(8.1) Fighting
 + Level 1.3(6.3) Short Blades
 * Level 0.6(5.6) Axes
 + Level 4.2(9.2) Crossbows
 * Level 1.2(6.2) Armour
 * Level 2.0(7.0) Dodging
 * Level 1.7(6.7) Stealth
 * Level 0.3 Spellcasting
 * Level 0.8 Necromancy
 * Level 1.6 Invocations


You had 2 spell levels left.
You knew the following spells:

 Your Spells              Type           Power      Damage    Failure   Level
a - Animate Skeleton      Necr           4%         N/A       41%         1
b - Pain                  Necr           8%         1d4       41%         1

Your spell library contained the following spells:

 Spells                   Type           Power      Damage    Failure   Level
 Vampiric Draining        Necr           1%         2d6       78%         3


Dungeon Overview and Level Annotations

Branches:
Dungeon (4/15)
 Temple: D:4-7

Altars:
Gozag
Makhleb
Nemelex Xobeh
Okawaru


Message History

You hear some strange, mumbled words.
A puff of flame appears from out of thin air!
The puff of flame hits you. Something hits you but does no damage.
You miss something. Something hits you.
You barely miss something.
You hear some strange, mumbled words.
A puff of flame appears from out of thin air!
The puff of flame hits you. Something hits you.
You closely miss something. Something hits you but does no damage.
You closely miss something. Something hits you but does no damage.
Something hits you.
You barely miss something. Something hits you.
You hit something but do no damage. Something hits you.
* * * LOW HITPOINT WARNING * * *
You barely miss something. Something hits you.
* * * LOW HITPOINT WARNING * * *
An orc comes into view. It is wielding a +0 dagger.
Something hits you but does no damage.
You gain the combat prowess of a mighty hero.
Something barely misses you.
You hit something. Something hits you but does no damage.
You barely miss something.
You hear some strange, mumbled words.
A magic dart appears from out of thin air!
The magic dart hits you but does no damage.
You miss something. Something hits you.
* * * LOW HITPOINT WARNING * * *
Something hits you but does no damage.
You hit something but do no damage.
You hear some strange, mumbled words.
A magic dart appears from out of thin air!
The magic dart hits you!
* * * LOW HITPOINT WARNING * * *
You slash the orc!
You kill the orc!
Okawaru accepts your kill.
a - a +1 hand crossbow (weapon)
The orc wizard casts a spell at you. The magic dart hits you.
You die...

......# #......... #..... ......#
#......... ##..... ....>.###
#......... ....... ##...##.#
#......... ####### ####..#.#
#.........# ### ## #
#....#######)†........##..###.
####.#...[....##o.............##.
...#.....####...†.####.##..##....
######....####..@#####.###....†.#
≈≈≈ #....##..................#.#
S.#≈##..#.......................#
##..+............>...##.####..###
##..+........##..........####.###
..#≈##.....#...............<.....
≈≈≈≈##....#.......#####.....#....
#####.............# ###...#....
......>........<..# #....#....


You could see an orc wizard.

Vanquished Creatures
  Jessica (D:3)
  Natasha (D:3)
  A hound skeleton (D:4)
  2 adders
  2 dart slugs
  4 worms
  4 orcs
  A bat (D:2)
  11 endoplasms
  A giant cockroach (D:4)
  3 goblins
  2 hobgoblins (D:2)
  8 jackals
  2 quokkas (D:2)
  3 ball pythons
  2 frilled lizards
  A kobold (D:3)
  5 rats
54 creatures vanquished.

Notes
Turn   | Place    | Note
-------+----------+-------------------------------------------
     0 | D:1      | Acheron the Hill Orc Hunter began the quest for the Orb.
     0 | D:1      | Reached XP level 1. HP: 18/18 MP: 1/1
    29 | D:1      | Found a faded altar of an unknown god.
    40 | D:1      | Became a worshipper of Warmaster Okawaru
    40 | D:1      | Reached * piety under Okawaru
   189 | D:2      | Reached XP level 2. HP: 25/25 MP: 2/2
   201 | D:2      | Reached skill level 1 in Stealth
   215 | D:2      | Reached skill level 4 in Crossbows
   291 | D:2      | Reached XP level 3. HP: 30/30 MP: 3/3
   968 | D:3      | Reached skill level 1 in Invocations
  1051 | D:3      | Learned a level 1 spell: Animate Skeleton
  1053 | D:3      | Learned a level 1 spell: Pain
  1076 | D:3      | Noticed Jessica
  1186 | D:3      | Killed Jessica
  1187 | D:3      | Reached skill level 1 in Armour
  1187 | D:3      | Reached XP level 4. HP: 35/37 MP: 4/4
  1328 | D:4      | Reached skill level 1 in Short Blades
  1381 | D:3      | Reached XP level 5. HP: 45/45 MP: 6/6
  1402 | D:3      | Noticed Natasha
  1409 | D:3      | Killed Natasha
  1409 | D:3      | Reached ** piety under Okawaru
  1414 | D:3      | Found an opulent altar of Gozag.
  1416 | D:3      | Found a burning altar of Makhleb.
  1420 | D:3      | Found a sparkling altar of Nemelex Xobeh.
  1513 | D:3      | Killed from afar by an orc wizard

Illustrated notes

Levels and vault maps discovered:
D:1:      ebering_trefoil_twist, layout_basic, ebering_ecumenical_altar_webs,
          kennysheep_decorative_pillar, minmay_statues_item,
          chequers_serial_rivers_small_b
D:2:      layout_basic
D:3:      layout_rooms, grunt_temple_overflow_open, kennysheep_generic_room_15,
          uniq_jessica, uniq_natasha
D:4:      layout_cave_pools, mainiacjoe_overflow_paths, uniq_menkaure

Skill      XL: |  1  2  3  4  5 |
---------------+----------------+-----
Stealth        | 1 |  1.7
Crossbows      | 4 |  4.2
Invocations    | 1 |  1.6
Armour         | 1 |  1.2
Fighting       | 3 |  3.1
Short Blades   | 1 |  1.3
Dodging        | 2 |  2.0
Axes           | |  0.6
Spellcasting   | |  0.3
Necromancy     | |  0.8

Action                   |  1- 3 |  4- 6 || total
-------------------------+-------+-------++-------
Melee: Short sword       |    65 |    10 ||    75
       War axe           |       |    38 ||    38
 Fire: Hand crossbow     |    36 |    13 ||    49
Invok: Heroism           |       |     1 ||     1
  Use: Scroll            |     3 |       ||     3
Armor: Ring mail         |    33 |    30 ||    63
       Leather armour    |     1 |       ||     1
Dodge: Dodged            |    42 |    39 ||    81
